AoeStats
← VIT | Hera

QS Arena

503371544Analyzed
1v1 RM · 1mo ago on Aug 31, 2026· 35m 44s· 2 players
Game mode
Random Map
Map size
Tiny (2 player)
Population
200
Speed
Normal
Resources
Standard
Victory
Conquest
Starting age
Dark Age
Ending age
Imperial Age
RankedLock teamsTeams togetherTeam positionsShared explorationLock speedFull tech treeHidden civsTurbo modeCheats
Victory
Defeat
🇨🇳 Wu · China
983
+17
🇪🇸 Bohemians · Spain
1002
-17
VIT | Hera
8:23 Feudal Age
6:42 Loom
12:03 Castle Age
10:32 Double-Bit Axe
11:55 Gold Mining
14:46 Horse Collar
16:38 Wheelbarrow
18:17 Bow Saw
19:16 Gold Shaft Mining
19:48 Fletching
20:42 Redemption
22:20 Red Cliffs Tactics
22:40 Heavy Plow
22:48 Stone Mining
24:42 Hand Cart
24:31 Bodkin Arrow
30:20 Imperial Age
32:34 Two-Man Saw
31:46 Elite Fire Archer
32:45 Husbandry
33:02 Bloodlines
33:00 Bracer
33:32 Padded Archer Armor
33:58 Conscription
35:25 Heavy Hei Guang Cavalry
36:08 Husbandry
turok
7:30 Feudal Age
8:32 Double-Bit Axe
14:47 Castle Age
14:00 Horse Collar
17:37 Chemistry
23:10 Ballistics
26:46 Fletching
31:44 Imperial Age
31:24 Padded Archer Armor
Connection lost

Rejoining the realm…

Still unreachable

The connection could not be restored.

Session expired

The server has moved on; the page needs a fresh start.